 Dungeon Crawl Stone Soup version 0.31-a0-240-gb923e448b6 (webtiles) character file.

Game seed: 16331854740333161436

34 qw the Shooter (level 3, -2/21 HPs)
             Began as a Gargoyle Hexslinger on July 11, 2023.
             Slain by a gnoll
             ... wielding a +0 halberd
              (6 damage)
             ... on level 2 of the Dungeon.
             The game lasted 00:00:32 (1028 turns).

qw the Shooter (Gargoyle Hexslinger)                Turns: 1028, Time: 00:00:33

Health: -2/21      AC: 10    Str: 17    XL:     3   Next: 31%
Magic:  4/4        EV: 11    Int: 17    God:
Gold:   75         SH:  0    Dex: 14    Spells: 3/4 levels left

rFire   . . .        Y - +1 sling
rCold   . . .        (no shield)
rNeg    + . .        h - +0 leather armour
rPois   inf          (no helmet)
rElec   +            (no cloak)
rCorr   .            (no gloves)
SInv    .            (no boots)
Will    +....        g - amulet of the acrobat
Stlth   ++           j - +6 ring of strength
HPRegen 0.23/turn    a - ring "Jyfasulume" {Will+ AC+4 Int+4 Slay-4 Stlth+}
MPRegen 0.09/turn

%: acrobat
@: no status effects
A: sickness immunity, AC +3, negative energy resistance 1, electricity
resistance, torment resistance 1, petrification resistance
a: no special abilities


You were on level 2 of the Dungeon.
You visited 1 branch of the dungeon, and saw 2 of its levels.

You collected 75 gold pieces.


Innate Abilities, Weirdness & Mutations

You are immune to sickness and miasma.
Your stone body is resilient. (AC +3)
You are immune to poison.
You resist negative energy. (rN+)
You are resistant to electric shocks. (rElec)
You are resistant to unholy torment.
You are immune to petrification.


   Skills:
 - Level 2.3 Fighting
 + Level 3.1 Ranged Weapons
 - Level 1.5 Dodging
 - Level 1.0 Spellcasting
 - Level 2.6 Hexes


You had 3 spell levels left.
You knew the following spells:

 Your Spells              Type           Power      Damage    Failure   Level
a - Slow                  Hex            36%        N/A       9%          1

Your spell library contained the following spells:

 Spells                   Type           Power      Damage    Failure   Level
 Inner Flame              Hex/Fire       5%         N/A       41%         3
 Portal Projectile        Hex/Tloc       10%        N/A       41%         3
 Cause Fear               Hex            4%         N/A       65%         4

Inventory:

Hand Weapons
 Y - a +1 sling (weapon)
Armour
 h - a +0 leather armour (worn)
Jewellery
 a - the ring "Jyfasulume" (right hand) {Will+ AC+4 Int+4 Slay-4 Stlth+}
   (You acquired it on level 1 of the Dungeon)

   [ring of protection]

   AC:        It affects your AC (+4).
   Int:       It affects your intelligence (+4).
   Slay:      It affects your accuracy & damage with ranged weapons and melee
   (-4).
   Will:      It increases your willpower.
   Stlth:     It makes you more stealthy.
 g - an amulet of the acrobat (around neck)
 j - a +6 ring of strength (left hand)
Scrolls
 b - 2 scrolls of identify
Potions
 e - a potion of brilliance {unknown}
 k - a potion of curing {unknown}

Dungeon Overview and Level Annotations

Branches:
Dungeon (2/15)

Altars:


Message History

You hear a shout!
You shoot a sling bullet.
The sling bullet barely misses the gnoll.
A quokka comes into view.
A hobgoblin comes into view.
You shoot a sling bullet.
The sling bullet hits the hobgoblin but does no damage.
The hobgoblin closely misses you.
The hobgoblin hits you but does no damage.
You shoot a sling bullet.
The sling bullet hits the hobgoblin but does no damage.
The gnoll hits you but does no damage. The hobgoblin barely misses you.
You shoot a sling bullet.
The sling bullet barely misses the hobgoblin.
The gnoll hits you from afar with a +0 halberd.
The hobgoblin closely misses you.
You shoot a sling bullet.
The sling bullet barely misses the hobgoblin.
The gnoll hits you from afar with a +0 halberd.
The hobgoblin hits you but does no damage.
The quokka closely misses you.
You shoot a sling bullet.
The sling bullet hits the hobgoblin but does no damage.
The gnoll barely misses you. The hobgoblin closely misses you.
The quokka bites you but does no damage.
The hobgoblin barely misses you.
The gnoll hits you from afar with a +0 halberd!
You shoot a sling bullet.
The sling bullet hits the hobgoblin but does no damage.
The quokka bites you but does no damage.
The gnoll barely misses you. The hobgoblin hits you.
The quokka barely misses you.
You shoot a sling bullet.
The sling bullet barely misses the hobgoblin.
The gnoll hits you from afar with a +0 halberd.
The hobgoblin barely misses you. The quokka misses you.
You shoot a sling bullet.
The sling bullet barely misses the hobgoblin.
The quokka closely misses you.
The gnoll hits you from afar with a +0 halberd.
You die...

......##.#.#.##
#^#
..#####.#.#.#.##
###
....##.#.###.#.##
...##.#.##.##.#.##
#.##.#.##
#.##.#.## .##.#.##
# #.##.#.##
##.#.##
..?#.##.#.# #.#.##
#?$[g##.#.#
##.#.## #.r@#.##
###.#.## #.#g#.##
####.#.## #.# ##
...##)#.## ##
##.###.#.##
##...##.#.##
...##.##.#.##
##.######.#.##
##.# #.##.#.##


You could see a gnoll, a quokka and a hobgoblin.

Vanquished Creatures
  An adder (D:2)
  4 bats (D:1)
  3 endoplasms
  3 hobgoblins
  3 kobolds
  A quokka (D:1)
  3 ball pythons
  4 frilled lizards
  3 rats
25 creatures vanquished.

Notes
Turn   | Place    | Note
-------+----------+-------------------------------------------
     0 | D:1      | qw the Gargoyle Hexslinger began the quest for the Orb.
     0 | D:1      | Reached XP level 1. HP: 12/12 MP: 2/2
     0 | D:1      | 0 ||| qw: Version: 0.3-a-52-g30416fa
     0 | D:1      | 0 ||| qw: Game counter: 6014
     0 | D:1      | 0 ||| qw: Melee chars always use a shield: true
     0 | D:1      | 0 ||| qw: God list: Okawaru
     0 | D:1      | 0 ||| qw: Allow faded altars: false
     0 | D:1      | 0 ||| qw: Do Orc after clearing Dungeon:15 true
     0 | D:1      | 0 ||| qw: Do second Lair branch before Depths: true
     0 | D:1      | 0 ||| qw: Lair rune preference: random
     0 | D:1      | 0 ||| qw: Goals: Normal
     0 | D:1      | 0 ||| PLANNING D:1-11
   198 | D:1      | Reached XP level 2. HP: 16/16 MP: 3/3
   299 | D:1      | Reached skill level 3 in Ranged Weapons
   511 | D:1      | 511 ||| UPGRADING to +0 leather armour.
   521 | D:1      | 521 ||| DROPPING +0 robe.
   522 | D:1      | 522 ||| UPGRADING to amulet of the acrobat.
   527 | D:1      | 527 ||| UPGRADING to +6 ring of strength.
   528 | D:1      | 528 ||| READING scroll labelled ANGANG PIZXUATZ.
   528 | D:1      | Identified a scroll of acquirement
   528 | D:1      | 528 ||| ACQUIRING ring "Jyfasulume" {Will+ AC+4 Int+4
                  | Slay-4 Stlth+}
   528 | D:1      | Acquired the ring "Jyfasulume" {Will+ AC+4 Int+4 Slay-4
                  | Stlth+}
   530 | D:1      | 530 ||| UPGRADING to ring "Jyfasulume" {Will+ AC+4 Int+4
                  | Slay-4 Stlth+}.
   531 | D:1      | 531 ||| READING scroll labelled RIUWUZ EMNOMU.
   532 | D:1      | 532 ||| READING scroll labelled EPTU QAVEOCAXE.
   533 | D:1      | 533 ||| READING scroll labelled LIOKUE HATZIXA.
   536 | D:1      | 536 ||| DROPPING scroll of poison.
   684 | D:2      | Reached XP level 3. HP: 15/21 MP: 4/4
  1027 | D:2      | HP: 4/21 [gnoll/+0 halberd (3)]
  1028 | D:2      | Slain by a gnoll

Levels and vault maps discovered:
D:1:      lemuel_arrival_room, layout_basic, hex_medium
D:2:      minmay_inner_zag, layout_loops_cross, basic_altar

Skill      XL: |  1  2 |
---------------+-------+-----
Ranged Weapons | 3 |  3.1
Fighting       | 2 |  2.3
Dodging        | |  1.5
Spellcasting   | |  1.0
Hexes          | |  2.6

Action                     || total
---------------------------++-------
   Fire: Sling             ||   144
    Use: Scroll            ||     4
 Armour: Robe              ||    23
         Leather armour    ||    17
  Dodge: Dodged            ||    84

Table legend:
 A = Non-vault XP
 B = Vault XP
 C = Vault XP percentage of total XP
 D = Non-vault monster count
 E = Vault monster count
 F = Vault count percentage of total count
                 A         B        C        D         E       F
            +---------+---------+-------+---------+---------+-------
      Total |      47 |       2 |   4.1 |      23 |       2 |   8.0
            +---------+---------+-------+---------+---------+-------
        D:1 |      26 |       0 |   0.0 |      17 |       0 |   0.0
        D:2 |      21 |       2 |   8.7 |       6 |       2 |  25.0
            +---------+---------+-------+---------+---------+-------
